Map: Backwater LE

Players

ELEONORE

  • Race: Protoss Protoss
  • League: Diamond
  • Spawn Location: 11:00

GreenTea - Winner!

  • Race: Terran Terran
  • League: Diamond
  • Spawn Location: 5:00

VOD

https://youtu.be/-2pRVXNlNp0

Description

TvP Reaper FE 3 Rax MMM Ghost Raven accompanied by Widow Mines build

Time

  • Played on: March 30, 2018, 9:37 p.m.
  • Length: 14:00
Show
View Real Time Build Order
Export as new Build Order

ELEONORE Protoss 

Build Orders: 1 Gate Expand 

Get SALT Encoding   

  12  0:02  Probe  
  13  0:15  Pylon  
  13  0:17  Probe (Chrono Boost)  
  14  0:29  Probe (Chrono Boost)  
  15  0:38  Gateway, Probe  
  16  0:46  Assimilator  
  16  0:51  Probe (Chrono Boost)  
  17  1:03  Probe (Chrono Boost)  
  19  1:12  Probe (Chrono Boost)  
  19  1:25  Nexus  
  19  1:41  Cybernetics Core  
  19  1:45  Probe  
  19  1:46  Assimilator  
  20  1:57  Probe, Pylon  
  21  2:09  Probe (Chrono Boost)  
  22  2:18  Adept (Chrono Boost), Probe (Chrono Boost)  
  22  2:20  Warp Gate  
  25  2:24  Probe (Chrono Boost)  
  26  2:42  Stalker (Chrono Boost)  
  28  3:00  Probe x2  
  30  3:11  Twilight Council  
  30  3:12  Probe x2  
  32  3:15  Gateway  
  32  3:24  Probe  
  32  3:25  Probe  
  34  3:32  Pylon  
  34  3:36  Probe  
  34  3:37  Probe  
  34  3:40  Shield Battery  
  36  3:49  Probe x2  
  38  4:03  Dark Shrine  
  38  4:06  Charge, Gateway x2  
  38  4:09  Probe x2  
  40  4:16  Assimilator  
  40  4:19  Pylon  
  40  4:21  Probe  
  40  4:23  Gateway  
  41  4:28  Stalker x2  
  45  4:32  Assimilator  
  45  4:45  Robotics Facility  
  45  4:48  Probe x2  
  47  5:04  Zealot x2  
  51  5:08  Adept  
  53  5:17  Probe x2  
  55  5:25  Nexus  
  55  5:30  Forge, Probe  
  55  5:31  Probe  
  55  5:32  Forge  
  55  5:33  Observer  
  58  5:43  Probe x2  
  58  5:47  Dark Templar  
  62  5:53  Pylon  
  62  5:59  Pylon  
  62  6:02  Pylon  
  62  6:03  Pylon  
  62  6:11  Probe  
  62  6:14  Pylon  
  61  6:21  Observer  
  58  6:33  Probe x2  
  58  6:34  Protoss Ground Weapons Level 1 (Chrono Boost)  
  58  6:35  Protoss Shields Level 1 (Chrono Boost)  
  60  6:45  Probe  
  61  6:49  Gateway  
  61  6:56  Zealot x5  
  71  7:04  Photon Cannon  
  71  7:08  Gateway  
  71  7:11  Gateway  
  65  7:17  Pylon  
  65  7:19  Gateway  
  65  7:21  Stalker x4  
  65  7:22  Stalker  
  75  7:30  Probe x3  
  78  7:38  Warp Prism  
  80  7:57  Probe x2  
  80  7:58  Probe  
  83  8:08  Photon Cannon  
  83  8:09  Probe  
  83  8:10  Probe  
  85  8:13  Assimilator  
  85  8:14  Probe  
  85  8:16  Assimilator  
  86  8:21  Probe  
  83  8:38  Stalker x3  
  89  8:47  Probe  
  89  8:48  Probe  
  91  9:00  Immortal  
  95  9:04  Robotics Bay  
  95  9:12  Probe x2  
  95  9:13  Robotics Facility  
  97  9:23  Zealot x4  
  105  9:24  Zealot  
  105  9:25  Nexus  
  103  9:34  Dark Templar  
  103  9:35  Dark Templar x3  
  73  9:49  Zealot  
  73  9:50  Zealot x4  
  50  10:16  Zealot x5  
  50  10:17  Zealot x3  
  49  10:45  Dark Templar x5  
  49  11:16  Dark Templar x2  
  51  11:22  Pylon  
  47  11:37  Pylon x2  
  47  11:39  Photon Cannon  
  46  11:46  Gateway  
  40  12:00  Gateway  
  40  12:01  Gateway  
  40  12:02  Pylon  
  40  12:05  Gateway  
  28  12:36  Zealot x3  
  34  13:03  Pylon  
  33  13:06  Zealot  
  33  13:07  Zealot x3  
  33  13:11  Zealot  
  40  13:32  Zealot x4  
  34  13:52  Zealot  
  34  13:53  Zealot x4  
Show
View Real Time Build Order
Export as new Build Order

GreenTea Terran - Winner!

Build Orders: Reaper Expand, MMM Bio 

Get SALT Encoding   

  12  0:00  SCV  
  13  0:12  SCV  
  14  0:17  Supply Depot  
  14  0:24  SCV  
  15  0:38  SCV  
  15  0:40  Barracks  
  16  0:43  Refinery  
  16  0:50  SCV  
  17  1:03  SCV  
  18  1:15  SCV  
  19  1:27  Reaper  
  19  1:28  Orbital Command  
  20  1:42  Command Center  
  20  1:54  Supply Depot  
  20  1:55  SCV  
  20  2:00  Barracks Reactor  
  21  2:09  Barracks  
  21  2:11  SCV  
  22  2:21  Barracks  
  22  2:24  SCV  
  23  2:39  SCV  
  24  2:45  Marine  
  24  2:46  Marine  
  26  2:55  Orbital Command  
  26  3:02  Barracks Tech Lab  
  26  3:03  Marine  
  26  3:04  Marine  
  28  3:09  Barracks Tech Lab  
  28  3:11  Refinery  
  28  3:14  Factory  
  28  3:18  SCV  
  29  3:23  SCV  
  30  3:30  SCV  
  30  3:33  Bunker  
  31  3:38  Stimpack, Marine  
  31  3:39  Marine x3  
  35  3:41  SCV  
  36  3:56  Marine  
  36  3:57  Marine x2  
  36  3:58  SCV x2  
  41  4:04  Supply Depot  
  41  4:06  Starport, Supply Depot  
  41  4:10  Combat Shields  
  41  4:15  Refinery  
  41  4:20  Marine  
  41  4:21  Marine x2  
  44  4:29  Marine  
  45  4:32  SCV x2  
  47  4:39  Supply Depot  
  47  4:41  Marine x3  
  50  4:46  Widow Mine, Medivac  
  50  4:48  SCV x2  
  56  4:56  Marine  
  56  5:03  Supply Depot  
  56  5:11  Marine x3  
  56  5:13  Widow Mine  
  61  5:26  Medivac  
  61  5:27  SCV x2  
  65  5:33  Marine x4  
  69  5:38  Command Center  
  69  5:47  SCV x2  
  69  5:48  Engineering Bay  
  69  5:49  Engineering Bay  
  71  5:53  Marine  
  72  5:58  Ghost Academy  
  72  6:05  Marine  
  72  6:06  Marauder, Marine, SCV  
  76  6:22  Missile Turret  
  76  6:24  Missile Turret  
  76  6:25  Missile Turret  
  72  6:44  Factory Reactor  
  72  6:46  Starport Tech Lab  
  72  6:48  Barracks  
  72  6:50  Terran Infantry Weapons Level 1, Terran Infantry Armor Level 1, Barracks  
  72  6:51  SCV  
  73  6:56  Refinery  
  73  7:01  Ghost  
  75  7:21  Marine x3  
  78  7:23  Raven  
  78  7:25  Widow Mine  
  78  7:26  Widow Mine  
  84  7:30  Marine  
  84  7:34  SCV x2  
  87  7:39  Orbital Command  
  87  7:45  Ghost  
  87  7:46  SCV x2  
  87  7:47  Barracks Tech Lab  
  87  7:49  Barracks Tech Lab  
  91  7:58  Marine x2  
  93  8:09  Marine  
  93  8:12  Ghost, Factory Tech Lab  
  96  8:13  Supply Depot  
  96  8:14  Supply Depot  
  96  8:36  Ghost x2, Marine  
  96  8:37  Marine x2  
  96  8:40  SCV, Marine, Supply Depot  
  101  8:42  Supply Depot  
  101  8:44  Missile Turret  
  101  9:02  Ghost x2  
  101  9:06  SCV x2, Supply Depot  
  101  9:07  SCV, Supply Depot  
  108  9:10  Ghost  
  108  9:13  Marine x2  
  89  9:52  Marine x6  
  86  9:53  Widow Mine  
  86  9:54  Medivac  
  79  10:15  Widow Mine  
  77  10:24  Medivac  
  77  10:41  Orbital Command x2, Marauder x2, Marine x3  
  72  11:27  Marauder x2, Marine x3  
  72  11:28  Marauder  
  72  11:29  Widow Mine  
  72  11:30  SCV  
  72  11:31  SCV  
  86  11:39  Raven  
  86  11:45  SCV x2, Marine x2  
  86  11:46  Marauder  
  92  11:48  Marine  
  92  11:49  Marauder  
  92  11:50  Widow Mine  
  96  12:17  Orbital Command  
  96  12:28  Marauder x4, Marine x2  
  96  12:29  Siege Tank  
  109  12:32  SCV  
  108  12:44  SCV  
  108  12:45  Command Center  
  108  12:46  Marine x2  
  106  13:13  Marauder x4, Marine x2  
Tags
 
Add a new tag
Caveats
  • Supply blocks, unpowered buildings, or Contaminate may cause inaccurate times.
  • Supply counts are checked every 10 seconds.